 Dungeon Crawl Stone Soup version 0.26.1-11-gd32895ea62 (webtiles) character file.

Game seed: 3407840482752911098

13411 Almogavar the Spear-Bearer (level 12, -2/99 (100) HPs)
             Began as a Merfolk Berserker on May 11, 2021.
             Was a High Priest of Trog.
             Killed from afar by an orc sorcerer (4 damage)
             ... with a bolt of negative energy
             ... on level 1 of the Orcish Mines.
             The game lasted 00:55:04 (16206 turns).

Almogavar the Spear-Bearer (Merfolk Berserker)     Turns: 16206, Time: 00:55:05

HP:   -2/99 (100)   AC: 11    Str: 21    XL:     12   Next: 5%
MP:   12/12         EV: 20    Int:  7    God:    Trog [*****.]
Gold: 1056          SH:  7    Dex: 20    Spells: 11/11 levels left

rFire    x . .     SeeInvis +   a - +5 spear
rCold    + + .     Faith    .   e - +1 buckler {rN+}
rNeg     + + .     Spirit   .   b - +0 steam dragon scales
rPois    .         Reflect  .   G - +0 hat of Guohudou {rC+ rN+ SInv}
rElec    .         Harm     .   K - +1 cloak
rCorr    .         Rampage  .   P - +2 pair of gloves
Will     ++...                  t - +0 pair of boots
Stlth    +++++.....             y - amulet of the acrobat
HPRegen  1.26/turn              F - +6 ring of dexterity
MPRegen  0.13/turn              v - ring of ice

@: regenerating, lightly drained
A: change form in water, swift swim, stealthy swim
a: Renounce Religion, Berserk, Trog's Hand, Brothers in Arms


You were on level 1 of the Orcish Mines.
You worshipped Trog.
Trog was extremely pleased with you.
You visited 2 branches of the dungeon, and saw 12 of its levels.
You also visited: Sewer, Ossuary and Bailey.

You collected 1126 gold pieces.
You spent 70 gold pieces at shops.

Inventory:

Hand Weapons
 a - a +5 spear (weapon)
 q - a +4 trident of flaming
 s - the +3 broad axe of Kyofurgh {freeze, rElec}
   (You found it on level 6 of the Dungeon)

   It has been specially enchanted to freeze those struck by it, causing extra
   injury to most foes and up to half again as much damage against particularly
   susceptible opponents.
   It can also slow down cold-blooded creatures.
   It insulates you from electricity.
 W - the +10 battleaxe of Pesuc {spect, rC- Dex+8, unknown}
   (You found it on level 7 of the Dungeon)

   It retains the spirit of the tree from which it was made.
   In the hands of one skilled in evocations this spirit is drawn out to fight
   along side the wielder.
   It affects your dexterity (+8).
   It makes you vulnerable to cold.
Missiles
 f - 15 poisoned darts (quivered)
 H - 55 boomerangs
Armour
 b - +0 steam dragon scales (worn)
 e - a +1 buckler of positive energy (worn)
 t - a +0 pair of boots (worn)
 x - a +0 kite shield
 G - the +0 hat of Guohudou (worn) {rC+ rN+ SInv}
   (You found it on level 9 of the Dungeon)

   It protects you from cold.
   It protects you from negative energy.
   It lets you see invisible.
 K - a +1 cloak (worn)
 P - a +2 pair of gloves (worn)
 Q - a +3 scale mail of cold resistance
Jewellery
 c - an uncursed ring of willpower
 p - an uncursed ring of protection from fire
 r - an uncursed amulet of guardian spirit
 v - a ring of ice (right hand)
 w - an uncursed ring of protection from fire
 y - an amulet of the acrobat (around neck)
 B - an uncursed ring of flight
 F - a +6 ring of dexterity (left hand)
 I - an uncursed ring of stealth
Wands
 u - a wand of disintegration (39)
 z - a wand of acid (1)
 O - a wand of enslavement (9)
 S - a wand of digging (6)
 V - a wand of iceblast (14)
 Y - a wand of polymorph (4)
 Z - a wand of paralysis (4)
Scrolls
 d - 3 scrolls of magic mapping
 g - 6 scrolls of teleportation
 i - 4 scrolls of fear
 k - 2 scrolls of blinking
 o - 3 scrolls of fog
 N - a scroll of enchant weapon {unknown}
 T - 2 scrolls of random uselessness {unknown}
 U - 6 scrolls of remove curse
Potions
 h - 5 potions of haste
 j - a potion of cancellation
 l - 3 potions of lignification
 m - 4 potions of heal wounds
 n - a potion of ambrosia
 E - 7 potions of flight
 J - a potion of might
 L - a potion of berserk rage
 M - 4 potions of curing
 R - 2 potions of resistance {unknown}
 X - a potion of invisibility {unknown}


   Skills:
 + Level 11.1 Fighting
 - Level 12.2 Polearms
 + Level 6.7 Throwing
 + Level 1.6 Armour
 + Level 10.0 Dodging
 + Level 10.7 Stealth
 - Level 4.0 Shields
 + Level 0.7 Evocations


You had 11 spell levels left.
You didn't know any spells.
Your spell library was empty.

Dungeon Overview and Level Annotations

Branches:
Dungeon (10/15)            Temple (0/1) D:4            Lair (0/6) D:10
    Orc (2/2) D:10          Sewer (visited)         Ossuary (visited)
 Bailey (visited)
    Elf: Orc:2

Altars:
Ashenzari
Cheibriados
Dithmenos
Gozag
Kikubaaqudgha
Nemelex Xobeh
Trog
Uskayaw
Vehumet
Zin

Shops:
D:5 }   D:6 [(!(

Annotations:
Orc:2 Urug


Message History

You see here a javelin.
You hear a shout!
The orc warrior hits you with a +2 war axe of electrocution!!
The orc warrior throws a boomerang.
You block the boomerang.
The weapon returns to the orc warrior!
Urug throws a javelin.
The javelin completely misses you. The orc sorcerer barely misses you.
The orc shouts! x2
You climb upwards.
There is a stone staircase leading down, spattered with blood here.
Your skin crawls.
You feel strong-willed.
The orc knight hits you with a +0 great sword!
* * * LOW HITPOINT WARNING * * *
The orc warrior hits you with a +2 war axe of electrocution!
* * * LOW HITPOINT WARNING * * *
You are electrocuted!
* * * LOW HITPOINT WARNING * * *
The orc sorcerer gestures at you while chanting.
The bolt of negative energy hits you. You partially resist.
You feel drained.
You die...

##.#.##.#.....##...####.##
##............#..###....#
#................#......# ###
##...................#.##
##.## #...........#..........#
#...####..........##....#.#.##
##.###...........##.......###
#...#.....^..o[...#.........##
##..##......[[@[...#.........#
##...#.......o†o..........#.##
#...#...#.......#.#...#.....##
##...........).##.#..........#
#........[....#...#..#.....##
##....(....)...........#....##
#........[...................#
##.....#.<[[...#.#.....#.##.##
##........).######.....#####


You could see an orc knight, an orc sorcerer (strong) and an orc warrior
(strong).

Vanquished Creatures
  Gastronok (D:9)
  Harold (D:8)
  A two-headed ogre (D:9)
  Erica (D:9)
  Sonja (Orc:1)
  A deep elf mage (D:9)
  Maurice (D:8)
  A gargoyle (D:10)
  Maggie (D:6)
  A demonic crawler (D:10)
  A komodo dragon (D:10)
  2 trolls (D:10)
  3 yaks (D:10)
  2 swamp worms (D:10)
  A warg (Orc:1)
  11 orc warriors
  2 ice beasts
  2 sky beasts
  3 phantoms
  A hornet zombie (D:9)
  8 ogres
  6 centaurs
  4 gnoll sergeants
  5 big kobolds (D:10)
  3 bullfrogs
  A wyvern skeleton (D:8)
  4 scorpions
  13 killer bees
  A wight (D:9)
  2 howler monkeys (D:6)
  A bullfrog zombie (D:10)
  2 jellies
  4 hounds
  8 orc priests
  6 orc wizards
  2 bullfrog skeletons (D:8)
  Jessica (D:3)
  An iguana (D:8)
  Natasha (twice) (D:2)
  2 merfolk sirens (Sewer)
  7 worker ants
  A merfolk avatar (Sewer)
  A big kobold zombie (Ossuary)
  2 hound zombies
  3 mummies (Ossuary)
  A howler monkey zombie (D:7)
  2 howler monkey skeletons
  10 gnolls
  14 adders
  5 river rats
  A shadow imp (D:9)
  2 white imps (D:7)
  2 ufetubi
  3 adder zombies (Ossuary)
  3 worms
  3 dart slugs
  6 leopard geckos
  48 orcs
  11 ball pythons
  5 giant cockroaches
  14 goblins
  7 hobgoblins
  9 jackals
  4 quokkas
  6 bats
  7 frilled lizards
  4 goblin zombies (Ossuary)
  3 hobgoblin zombies (Ossuary)
  21 kobolds
  2 kobold zombies (Ossuary)
  2 leopard gecko skeletons (D:4)
  A leopard gecko zombie (D:7)
  5 quokka zombies
  26 rats
  A rat zombie (Ossuary)
356 creatures vanquished.

Vanquished Creatures (collateral kills)
  An orc warrior (D:10)
  An ogre (D:10)
2 creatures vanquished.

Vanquished Creatures (others)
  A dart slug (D:2)
  42 plants (D:10)
43 creatures vanquished.

Grand Total: 401 creatures vanquished

Notes
Turn   | Place    | Note
-------+----------+-------------------------------------------
     0 | D:1      | Almogavar the Merfolk Berserker began the quest for the
                  | Orb.
     0 | D:1      | Reached XP level 1. HP: 18/18 MP: 1/1
    88 | D:1      | Reached XP level 2. HP: 20/24 MP: 2/2
   430 | D:1      | Reached skill level 5 in Polearms
   695 | D:1      | Reached XP level 3. HP: 28/30 MP: 3/3
  1416 | D:2      | Reached XP level 4. HP: 37/37 MP: 4/4
  1597 | D:2      | Noticed Natasha
  1613 | D:2      | Killed Natasha
  1614 | D:2      | Reached skill level 6 in Polearms
  1614 | D:2      | Reached skill level 1 in Stealth
  2483 | D:2      | Noticed Natasha
  2494 | D:2      | Killed Natasha
  2495 | D:2      | Reached XP level 5. HP: 42/42 MP: 5/5
  2652 | D:3      | Reached ** piety under Trog
  3170 | D:3      | Found a radiant altar of Vehumet.
  3403 | D:3      | Found a sparkling altar of Nemelex Xobeh.
  3403 | D:3      | Noticed Jessica
  3408 | D:3      | Killed Jessica
  3546 | D:4      | Reached skill level 7 in Polearms
  3546 | D:4      | Reached XP level 6. HP: 48/48 MP: 6/6
  3563 | D:4      | HP: 2/48 [orc (3)]
  3568 | D:4      | Reached skill level 1 in Shields
  4131 | D:4      | Found a glowing drain.
  4155 | D:4      | Reached *** piety under Trog
  4161 | Sewer    | Entered a sewer
  4512 | Sewer    | Reached XP level 7. HP: 42/55 MP: 7/7
  4753 | Sewer    | Reached skill level 8 in Polearms
  5166 | D:4      | Found a staircase to the Ecumenical Temple.
  5419 | D:5      | Entered Level 5 of the Dungeon
  5510 | D:5      | Found Inos's Gadget Boutique.
  5566 | D:5      | Found a hide-covered altar of Uskayaw.
  5848 | D:5      | Reached skill level 5 in Fighting
  6017 | D:5      | Found an opulent altar of Gozag.
  6069 | D:5      | Reached skill level 5 in Dodging
  6285 | D:5      | Found an ancient bone altar of Kikubaaqudgha.
  6438 | D:5      | Found a broken altar of Ashenzari.
  6696 | D:6      | Found Naavem's Distillery.
  6704 | D:6      | Bought a potion of heal wounds for 70 gold pieces
  6720 | D:6      | Reached skill level 9 in Polearms
  6720 | D:6      | Got an ancient broad axe
  6721 | D:6      | Identified the +3 broad axe of Kyofurgh {freeze, rElec}
                  | (You found it on level 6 of the Dungeon)
  6871 | D:6      | Reached skill level 1 in Throwing
  6871 | D:6      | Reached XP level 8. HP: 59/62 MP: 8/8
  6904 | D:6      | Reached **** piety under Trog
  7313 | D:6      | Found Ehut Xial's Antique Weapon Shop.
  7334 | D:6      | Found a snail-covered altar of Cheibriados.
  7478 | D:6      | Found Gaulivan's Antique Weapon Boutique.
  7619 | D:6      | Reached skill level 10 in Polearms
  7648 | D:6      | Noticed Maggie
  7669 | D:6      | Killed Maggie
  7726 | D:6      | Found a bloodstained altar of Trog.
  7758 | D:6      | Reached skill level 5 in Stealth
  7941 | D:6      | Found a glowing silver altar of Zin.
  8004 | D:6      | Found Muxir's Armour Shoppe.
  8063 | D:6      | Reached skill level 11 in Polearms
  8250 | D:7      | Reached XP level 9. HP: 63/69 MP: 9/9
  8350 | D:7      | Found a flagged portal.
  8391 | Bailey   | Entered a bailey
  9249 | Bailey   | Found a bloodstained altar of Trog.
  9884 | D:7      | Got a polished battleaxe
  9989 | D:8      | Reached skill level 12 in Polearms
  9989 | D:8      | Reached ***** piety under Trog
 10098 | D:8      | Found a sand-covered staircase.
 10107 | Ossuary  | Entered an ossuary
 10466 | D:8      | Found a shadowy altar of Dithmenos.
 10573 | D:8      | Noticed Harold
 10589 | D:8      | Killed Harold
 10590 | D:8      | Reached XP level 10. HP: 79/79 MP: 10/10
 10740 | D:8      | Noticed Maurice
 10757 | D:8      | Killed Maurice
 11332 | D:9      | Noticed a deep elf mage
 11359 | D:9      | Killed a deep elf mage
 11643 | D:9      | Noticed a two-headed ogre
 11660 | D:9      | Killed a two-headed ogre
 11660 | D:9      | Received a gift from Trog
 11724 | D:9      | Noticed Erica
 11744 | D:9      | Killed Erica
 12415 | D:9      | Noticed Gastronok
 12441 | D:9      | Killed Gastronok
 12442 | D:9      | Reached skill level 10 in Fighting
 12442 | D:9      | Reached XP level 11. HP: 90/90 MP: 11/11
 12584 | D:9      | Got a pitted hat
 12595 | D:9      | Identified the +0 hat of Guohudou {rC+ rN+ SInv} (You found
                  | it on level 9 of the Dungeon)
 12947 | D:10     | Entered Level 10 of the Dungeon
 13034 | D:10     | Found a staircase to the Lair.
 13175 | D:10     | Reached skill level 5 in Throwing
 13175 | D:10     | Reached skill level 10 in Stealth
 13677 | D:10     | Found a staircase to the Orcish Mines.
 15291 | Orc:1    | Entered Level 1 of the Orcish Mines
 15291 | Orc:1    | Noticed Sonja
 15340 | Orc:1    | Received a gift from Trog
 15560 | Orc:1    | Killed Sonja
 15561 | Orc:1    | Reached XP level 12. HP: 38/100 MP: 12/12
 16000 | Orc:2    | Entered Level 2 of the Orcish Mines
 16006 | Orc:2    | Noticed a sun demon
 16027 | Orc:2    | Noticed Urug
 16038 | Orc:1    | Reached skill level 10 in Dodging
 16206 | Orc:1    | HP: 2/100 [orc warrior/+2 war axe of electrocution (14)]
 16206 | Orc:1    | Killed from afar by an orc sorcerer

Illustrated notes

Levels and vault maps discovered:
D:1:      minmay_arrival_cross, layout_basic, feat_on_display
D:2:      layout_loops_ring, uniq_natasha
D:3:      layout_rooms, lemuel_doored_altar, nemelex_lonely_heart_becter
D:4:      layout_basic, minmay_temple_entry_statues_fountains,
          portal_sewer_entry_c
D:5:      layout_basic, lemuel_coloured_pillars_altar, kiku_gazebo_pond_becter,
          marbit_many_paths, serial_shops, shop, basic_altar
D:6:      minmay_inner_zag, layout_loops_ring, kennysheep_little_box,
          zin_scriptorium, kennysheep_mini, serial_shops, shop,
          nicolae_shop_crystal, shop, shop_fountains, uniq_maggie
D:7:      layout_gridville, enter_bailey_5
D:8:      layout_loops_ring, enter_ossuary_3, hangedman_abyss_or_decor_stagger,
          grunt_dithmenos_shadows, uniq_maurice, uniq_harold
D:9:      minmay_thinvault, layout_basic, uniq_erica, uniq_gastronok
D:10:     layout_long_grid, david_lair_shrubbed,
          kennysheep_orc_monster_closet_entryway, worms_lemuel
Orc:1:    layout_caves, uniq_sonja
Orc:2:    st_orc_town, layout_caves, serial_shops, shop, uniq_urug

Skill      XL: |  1  2  3  4  5  6  7  8  9 10 11 12 |
---------------+-------------------------------------+-----
Polearms       | 5 6 7 9 11 12 | 12.2
Dodging        | 3 4 5 6 8 9 10 | 10.0
Stealth        | 1 2 3 5 7 9 10 | 10.7
Fighting       | 4 5 7 10 11 | 11.1
Shields        | 1 2 4 |  4.0
Throwing       | 1 2 4 6 |  6.7
Armour         | |  1.6
Evocations     | |  0.7

Action                   |  1- 3 |  4- 6 |  7- 9 | 10-12 || total
-------------------------+-------+-------+-------+-------++-------
Melee: Spear             |   106 |   278 |   677 |   682 ||  1743
       Tailslap          |       |     3 |     8 |       ||    11
Throw: Dart              |       |     3 |    25 |    68 ||    96
       Boomerang         |       |       |     2 |    14 ||    16
Invok: Berserk           |     3 |     6 |     9 |     5 ||    23
       Trog's Hand       |       |       |     3 |     3 ||     6
       Brothers in Arms  |       |       |       |     2 ||     2
Evoke: Wand              |       |       |     1 |     3 ||     4
  Use: Scroll            |     3 |     5 |     8 |     9 ||    25
       Potion            |       |     1 |       |       ||     1
 Stab: Sleeping          |     2 |     7 |    19 |    10 ||    38
       Distracted        |       |       |     1 |     3 ||     4
Armor: Animal skin       |    16 |    19 |    18 |       ||    53
       Skin              |       |     8 |       |       ||     8
       Steam dragon scal |       |       |    33 |    48 ||    81
       Ring mail         |       |       |     3 |       ||     3
Dodge: Dodged            |    47 |    99 |   203 |   233 ||   582
Block: Buckler           |    14 |    28 |    59 |    91 ||   192
